 Dungeon Crawl Stone Soup version 0.21-a0-584-g185da8e (webtiles) character file.

389 vishdafish the Poker (level 6, -5/48 HPs)
             Began as a Demonspawn Skald on Dec 21, 2017.
             Slain by an ogre
             ... wielding a +0 giant spiked club
              (32 damage)
             ... on level 4 of the Dungeon.
             The game lasted 00:05:08 (4616 turns).

vishdafish the Poker (Demonspawn Skald)             Turns: 4616, Time: 00:05:08

Health: -5/48      AC:  5    Str: 11    XL:     6   Next: 49%
Magic:  8/10       EV: 12    Int: 16    God:
Gold:   146        SH:  0    Dex: 13    Spells: 9/10 levels left

rFire    . . .     SeeInvis .   a - +0 spear
rCold    . . .     Gourm    .   (no shield)
rNeg     . . .     Faith    .   b - +0 leather armour
rPois    .         Spirit   .   (no helmet)
rElec    .         Reflect  .   (no cloak)
rCorr    .         Harm     .   (no gloves)
MR       .....                  (no boots)
Stlth    +.........             (no amulet)
HPRegen  0.16/turn              e - ring of wizardry
MPRegen  0.12/turn              (no ring)

@: infused
A: hooves 1, rugged brown scales 2
a: no special abilities


You were on level 4 of the Dungeon.
You were not hungry.

You visited 1 branch of the dungeon, and saw 4 of its levels.

You collected 146 gold pieces.

Inventory:

Hand Weapons
 a - a +0 spear (weapon)
Missiles
 m - 4 javelins (quivered)
Armour
 b - a +0 leather armour (worn)
Jewellery
 e - a ring of wizardry (left hand)
Scrolls
 g - 2 scrolls of teleportation {unknown}
 h - 4 scrolls of identify {unknown}
 i - a scroll of blinking {unknown}
 k - a scroll of remove curse {unknown}
 p - a scroll of magic mapping {unknown}
 q - a scroll of fog {unknown}
Potions
 f - 2 potions of curing
 j - a potion of haste {unknown}
 l - 2 potions of mutation {unknown}
 n - a potion of flight {unknown}
 o - a potion of degeneration {unknown}
 r - 2 potions of ambrosia {unknown}
 s - a potion of magic {unknown}
Books
 c - a book of Battle

   Spells                             Type                      Level
   a - Infusion                       Charms                       1
   b - Shroud of Golubria             Charms/Translocation         2
   c - Song of Slaying                Charms                       2
   d - Spectral Weapon                Hexes/Charms                 3
   e - Regeneration                   Charms/Necromancy            3
Comestibles
 d - 7 rations


   Skills:
 + Level 2.4 Fighting
 * Level 4.4 Polearms
 - Level 2.0 Armour
 - Level 3.0 Dodging
 + Level 2.7 Spellcasting
 - Level 3.4 Charms


You had 9 spell levels left.
You knew the following spells:

 Your Spells              Type           Power        Failure   Level  Hunger
a - Infusion              Chrm           ##..         2%          1    #......


Dungeon Overview and Level Annotations

Branches:
Dungeon (4/15)
 Temple: D:4-7

Altars:


Innate Abilities, Weirdness & Mutations

You have large cloven feet.
You are mostly covered in rugged brown scales. (AC +2, +5% HP)


Message History

You see here a frilled lizard corpse.
An ogre comes into view. It is wielding a giant spiked club.
The ogre shouts!
You see here 9 gold pieces.
Casting: Infusion
Confirm with . or Enter, or press ? or * to list all spells.
You begin infusing your attacks with magical energy.
Attack whom?
Press: ? - help, Dir - move target cursor, f - ogre
Aim: an ogre, wielding a giant spiked club You reach to attack!
You hit the ogre.
The ogre is lightly wounded.
You barely miss the ogre.
The ogre is lightly wounded.
The ogre hits you with a giant spiked club!!
You barely miss the ogre. You kick the ogre.
The ogre is moderately wounded.
The ogre hits you with a giant spiked club!!
Ouch! That really hurt!
You die...

## #. ### #. ..# #.
#.# ###.#####.#
#......>..#
+....O....#
#...$.@...######
#######........#
#.....†..#
#........########
#.................+
#.#########.######
#.###.....#.#<..#
#...........#.###
...........#.#


You could see an ogre.

Vanquished Creatures
  2 hounds
  Jessica (D:2)
  Terence (D:2)
  A worker ant (D:4)
  Natasha (thrice) (D:3)
  8 adders
  2 oozes (D:2)
  A worm (D:3)
  2 dart slugs
  4 leopard geckos
  3 orcs
  2 ball pythons (D:3)
  9 bats
  5 giant cockroaches
  9 goblins
  16 hobgoblins
  3 quokkas
  5 frilled lizards
  A jackal skeleton (D:4)
  7 kobolds
  12 rats
97 creatures vanquished.

Notes
Turn   | Place    | Note
-------+----------+-------------------------------------------
     0 | D:1      | vishdafish the Demonspawn Skald began the quest for the Orb.
     0 | D:1      | Reached XP level 1. HP: 16/16 MP: 3/3
   218 | D:1      | Reached skill level 1 in Armour
   232 | D:1      | Reached skill level 2 in Polearms
   283 | D:1      | Gained mutation: You are partially covered in rugged brown scales. (AC +1, +3% HP) [demonic ancestry]
   283 | D:1      | Reached XP level 2. HP: 10/22 MP: 5/5
   968 | D:2      | Reached XP level 3. HP: 27/27 MP: 6/6
  1325 | D:2      | Reached skill level 3 in Polearms
  1325 | D:2      | Gained mutation: You are mostly covered in rugged brown scales. (AC +2, +5% HP) [demonic ancestry]
  1325 | D:2      | Reached XP level 4. HP: 19/34 MP: 7/7
  1930 | D:2      | Noticed Terence
  1944 | D:2      | Killed Terence
  1944 | D:2      | Reached XP level 5. HP: 35/39 MP: 1/8
  2223 | D:2      | Noticed Jessica
  2229 | D:2      | Killed Jessica
  2425 | D:3      | Noticed Natasha
  2686 | D:3      | Killed Natasha
  3311 | D:3      | Noticed Natasha
  3320 | D:3      | Killed Natasha
  3423 | D:3      | Reached skill level 4 in Polearms
  3423 | D:3      | Gained mutation: You have large cloven feet. [demonic ancestry]
  3423 | D:3      | Reached XP level 6. HP: 26/46 MP: 9/9
  3970 | D:3      | Noticed Natasha
  3972 | D:3      | Found a faded altar of an unknown god.
  3981 | D:3      | Killed Natasha
  4616 | D:4      | Slain by an ogre

Vault maps used:
D:1:      doesnt_arrival_eight_statues
D:2:      first_ration, uniq_terence, uniq_jessica
D:3:      chequers_ecumenical_altar_island, minmay_strange_pillars, uniq_natasha
D:4:      gammafunk_wand_slinger, uniq_ijyb

Skill      XL: |  1  2  3  4  5 |
---------------+----------------+-----
Armour         | 1 2 |  2.0
Polearms       | 2 3 4 |  4.4
Dodging        | 2 3 |  3.0
Charms         | 3 |  3.4
Fighting       | |  2.4
Spellcasting   | |  2.7

Action                   |  1- 3 |  4- 6 || total
-------------------------+-------+-------++-------
Melee: Spear             |   125 |   325 ||   450
       Kick              |       |    20 ||    20
Throw: Javelin           |       |     1 ||     1
 Cast: Infusion          |     4 |    14 ||    18
 Stab: Sleeping          |     3 |     2 ||     5
  Eat: Chunk             |     1 |     8 ||     9
       Ration            |       |     1 ||     1
Armor: Leather armour    |    20 |    74 ||    94
Dodge: Dodged            |    58 |   173 ||   231

Table legend:
 A = Spawn XP
 B = Non-spawn XP
 C = Spawn XP percentage of total XP
 D = Spawn monster count
 E = Non-spawn monster count
 F = Spawn count percentage of total count
 G = Total turns spent on level
                    A         B        C        D         E        F      G
               +---------+---------+-------+---------+---------+-------+---------
         Total |       0 |     556 |   0.0 |       0 |      97 |   0.0 |  4616
               +---------+---------+-------+---------+---------+-------+---------
           D:1 |       0 |      37 |   0.0 |       0 |      21 |   0.0 |   926
           D:2 |       0 |     257 |   0.0 |       0 |      39 |   0.0 |  2378
           D:3 |       0 |     207 |   0.0 |       0 |      31 |   0.0 |   996
           D:4 |       0 |      55 |   0.0 |       0 |       6 |   0.0 |   316
               +---------+---------+-------+---------+---------+-------+---------
